AoeStats
← Ebrio

Black Forest

506228991Analyzed
4v4 RM · 20d ago on Sep 12, 2026· 57m 15s· 8 players
Game mode
Random Map
Map size
Large (8 player)
Population
200
Speed
Normal
Resources
Standard
Victory
Conquest
Starting age
Dark Age
Ending age
Imperial Age
RankedLock teamsTeams togetherTeam positionsShared explorationLock speedFull tech treeHidden civsTurbo modeCheats
Victory
Defeat
🇬🇧 Britons · United Kingdom
927
+15
🇦🇷 Persians · Argentina
907
+15
🇺🇸 Turks · United States
878
+17
🇮🇹 Teutons · Italy
856
+17
🇩🇪 Teutons · Germany
923
-18
🇫🇷 Persians · France
903
-16
🇮🇹 Bohemians · Italy
892
-16
🇬🇧 Inca · United Kingdom
851
-14
pipermirage
0:40 Loom
12:47 Feudal Age
14:23 Double-Bit Axe
20:38 Castle Age
18:44 Gold Mining
18:45 Stone Mining
21:18 Wheelbarrow
20:56 Horse Collar
24:25 Horse Collar
29:17 Fletching
29:28 Padded Archer Armor
29:52 Heavy Plow
30:43 Elite Skirmisher
36:09 Imperial Age
33:57 Hand Cart
35:52 Bodkin Arrow
36:33 Onager
37:55 Forging
43:27 Conscription
45:56 Leather Archer Armor
47:08 Bow Saw
47:10 Caravan
47:37 Pikeman
48:18 Squires
49:27 Ballistics
49:18 Fortified Wall
50:08 Chemistry
49:15 Siege Engineers
49:20 Masonry
51:56 Halberdier
CaptainVacSparrow⭕⃤
3:23 Loom
18:14 Feudal Age
18:55 Double-Bit Axe
19:33 Gold Mining
20:27 Horse Collar
20:52 Scale Mail Armor
22:39 Champi Runner
23:26 Fishing Lines
23:59 Forging
23:36 Horse Collar
25:09 Arson
27:28 Fletching
31:17 Castle Age
31:43 Stone Mining
32:10 Heavy Plow
32:25 Bow Saw
32:52 Gold Shaft Mining
31:42 Champi Warrior
32:26 Squires
33:59 Stone Shaft Mining
37:32 Iron Casting
37:14 Chain Mail Armor
38:38 Wheelbarrow
37:34 Pikeman
41:10 Hand Cart
42:38 Treadmill Crane
43:19 Ballistics
43:09 Masonry
46:09 Bodkin Arrow
50:43 Coinage
51:45 Caravan
51:52 Town Watch
Maxl
3:57 Loom
12:13 Feudal Age
13:12 Double-Bit Axe
14:28 Fishing Lines
14:43 Horse Collar
17:41 Castle Age
19:04 Bow Saw
18:57 Heavy Plow
23:39 Gillnets
29:09 Imperial Age
27:16 Wheelbarrow
28:13 Hand Cart
27:44 Town Watch
29:27 Chemistry
28:48 Ballistics
29:29 Houfnice
34:43 Padded Archer Armor
34:34 Fletching
35:19 Town Patrol
35:53 Siege Engineers
40:06 Caravan
41:50 Bodkin Arrow
42:10 Leather Archer Armor
41:57 Squires
41:18 Pikeman
41:43 Arson
42:53 Halberdier
44:32 Conscription
46:53 Forging
46:44 Scale Mail Armor
46:47 Bracer
47:18 Ring Archer Armor
48:22 Iron Casting
50:07 Two-Man Saw
50:17 Wagenburg Tactics
seals881
11:07 Feudal Age
16:11 Castle Age
14:34 Double-Bit Axe
17:32 Bow Saw
29:40 Imperial Age
28:55 Wheelbarrow
28:12 Horse Collar
29:57 Fishing Lines
30:39 Hand Cart
32:02 Chemistry
32:40 Conscription
34:22 Gold Mining
34:23 Stone Mining
35:28 Onager
38:40 Gold Shaft Mining
38:40 Stone Shaft Mining
39:09 Two-Man Saw
39:47 Onager
45:22 Elite Skirmisher
52:28 Caravan
52:48 Capped Ram
MousePuddles
0:28 Loom
17:39 Feudal Age
19:04 Double-Bit Axe
19:09 Horse Collar
19:21 Gold Mining
24:28 Castle Age
25:07 Fletching
25:18 Padded Archer Armor
30:12 Imperial Age
30:12 Gold Shaft Mining
29:40 Heavy Plow
34:04 Artillery
gazza17
8:17 Loom
10:08 Feudal Age
11:20 Loom
16:11 Castle Age
14:49 Double-Bit Axe
14:49 Horse Collar
17:44 Bow Saw
17:38 Heavy Plow
20:58 Wheelbarrow
21:51 Stone Mining
21:54 Gold Mining
25:21 Gold Shaft Mining
25:44 Hand Cart
31:52 Imperial Age
29:43 Fletching
29:54 Padded Archer Armor
31:26 Ballistics
30:57 Heated Shot
31:41 Yeomen
32:05 Caravan
33:37 Conscription
33:21 Bodkin Arrow
33:41 Leather Archer Armor
34:40 Conscription
33:41 Elite Longbowman
35:53 Bracer
36:24 Ring Archer Armor
36:18 Conscription
38:49 Hoardings
38:21 Warwolf
Porter
15:16 Feudal Age
15:42 Horse Collar
15:50 Double-Bit Axe
17:08 Wheelbarrow
16:57 Stone Mining
16:59 Gold Mining
25:00 Castle Age
22:23 Man-at-Arms
24:15 Forging
24:05 Scale Mail Armor
26:19 Iron Casting
26:00 Chain Mail Armor
25:57 Long Swordsman
26:23 Gambesons
27:55 Arson
28:10 Squires
31:46 Heavy Plow
32:32 Stone Shaft Mining
32:06 Padded Archer Armor
33:15 Pikeman
33:28 Pikeman
36:56 Hand Cart
37:38 Scale Barding Armor
37:50 Leather Archer Armor
44:10 Imperial Age
46:38 Crop Rotation
48:31 Capped Ram
48:38 Two-Handed Swordsman
48:39 Halberdier
49:50 Sappers
50:41 Ironclad
51:14 Caravan
51:45 Coinage
51:53 Bow Saw
51:47 Cavalier
55:02 Plate Mail Armor
55:25 Elite Teutonic Knight
Ebrio
0:41 Loom
11:40 Feudal Age
12:47 Double-Bit Axe
12:45 Horse Collar
16:14 Castle Age
17:23 Wheelbarrow
17:00 Bow Saw
16:53 Heavy Plow
30:09 Imperial Age
29:30 Gold Mining
29:34 Stone Mining
29:53 Scale Barding Armor
29:58 Forging
30:43 Bloodlines
30:34 Husbandry
29:56 Cavalier
31:01 Chain Barding Armor
31:01 Hand Cart
32:25 Gold Shaft Mining
31:30 Onager
33:10 Stone Shaft Mining
32:39 Caravan
34:15 Conscription
35:09 Plate Barding Armor
35:10 Iron Casting
37:52 Kamandaran
38:29 Hoardings
37:21 Savar
40:29 Blast Furnace
44:41 Light Cavalry
47:45 Padded Archer Armor
47:36 Fletching
47:59 Masonry
48:50 Chemistry
48:13 Ballistics
49:28 Leather Archer Armor
49:08 Bodkin Arrow
49:47 Architecture
49:16 Murder Holes
Connection lost

Rejoining the realm…

Still unreachable

The connection could not be restored.

Session expired

The server has moved on; the page needs a fresh start.